 Dungeon Crawl Stone Soup version 0.30-a0-916-g9813417 (webtiles) character file.

Game seed: 8945589502492125223

169912 Dorkslayer the Peltast (level 17, 0/110 HPs)
             Began as a Gargoyle Fighter on Apr 21, 2023.
             Was an Initiate of Gozag.
             Slain by a salamander
             ... wielding a +3 spear
              (11 damage)
             ... on level 2 of the Snake Pit.
             The game lasted 02:25:07 (21599 turns).

Dorkslayer the Peltast (Gargoyle Fighter)          Turns: 21599, Time: 02:25:08

Health: 0/110      AC: 51    Str: 31    XL:     17   Next: 68%
Magic:  17/17      EV: 15    Int:  6    God:    Gozag
Gold:   202        SH:  0    Dex: 13    Spells: 16/16 levels left

rFire   . . .      SeeInvis .    N - +11 morningstar of the Original Sin {drain, rN+ Str+2 Int-2}
rCold   + + .      Faith    .    w - +3 kite shield {reflect}
rNeg    + + +      Spirit   .    R - +10 plate armour of the Irksome God {Fly rPois}
rPois   ∞          Reflect  +    C - +1 hat
rElec   +          Rampage  +    j - +1 cloak "Hutox" {-Cast rC++ Str+4}
rCorr   .          NoCast   +    o - +0 pair of gloves
Will    +....                    Q - +2 pair of boots {rampage} Stlth
                                 I - amulet of Vitality {RegenMP++ Regen++}
HPRegen 1.98/turn                y - +4 ring of protection
MPRegen 0.95/turn                n - ring of Discretion {rN+++ EV+5}

@: confused, ambrosia-drunk, weakened, gold aura, flying
A: sickness immunity, AC +12, big wings, negative energy resistance 1,
electricity resistance, torment resistance 1, petrification resistance
}: 1/15 runes: decaying
a: Renounce Religion, Potion Petition, Call Merchant, Bribe Branch


You were on level 2 of the Snake Pit.
You worshipped Gozag.
Gozag was aware of your devotion.
You visited 5 branches of the dungeon, and saw 25 of its levels.
You also visited: Gauntlet.

You collected 9502 gold pieces.
You spent 4683 gold pieces at shops.
You paid 4617 gold pieces to Gozag.

Inventory:

Hand Weapons
 m - a +1 broad axe of flaming
 L - a +3 war axe
 N - the +11 morningstar of the Original Sin (weapon) {drain, rN+ Str+2 Int-2}
   (You bought it in a shop on level 1 of the Orcish Mines)

   Str:       It affects your strength (+2).
   Int:       It affects your intelligence (-2).
   rN:        It protects you from negative energy.
Missiles
 a - a throwing net
 d - 9 curare-tipped darts
 v - 20 javelins
 x - 23 boomerangs
 A - 2 silver boomerangs (quivered)
 M - 4 boomerangs of dispersal
Armour
 j - the +1 cloak "Hutox" (worn) {-Cast rC++ Str+4}
   (You found it in a Gauntlet)

   Str:       It affects your strength (+4).
   rC:        It greatly protects you from cold.
   -Cast:     It prevents spellcasting.
 o - a +0 pair of gloves (worn)
 w - a +3 kite shield of reflection (worn)
 C - a +1 hat (worn)
 Q - a +2 pair of boots of rampaging (worn)
 R - the +10 plate armour of the Irksome God (worn) {Fly rPois}
   (You bought it in a shop on level 2 of the Orcish Mines)

   rPois:     It protects you from poison.
   Fly:       It grants you flight.
Jewellery
 b - the ring of the Kraken {Will++ AC+4 Int+3 Dex-5 SInv}
   (You took it off a minotaur in a Gauntlet)

   [ring of protection]

   AC:        It affects your AC (+4).
   Int:       It affects your intelligence (+3).
   Dex:       It affects your dexterity (-5).
   SInv:      It lets you see invisible.
   Will:      It greatly increases your willpower.
 n - the ring of Discretion (right hand) {rN+++ EV+5}
   (You found it in a Gauntlet)

   [ring of evasion]

   EV:        It affects your evasion (+5).
   rN:        It renders you almost immune to negative energy.
 y - a +4 ring of protection (left hand)
 I - the amulet of Vitality (around neck) {RegenMP++ Regen++}
   (You found it in a Gauntlet)

   [amulet of magic regeneration]

   It increases your rate of magic regeneration.
   Regen:     It increases your rate of health regeneration.
 S - a +6 ring of dexterity
 Z - a ring of willpower
Wands
 g - a wand of light (1)
 r - a wand of iceblast (7)
 F - a wand of digging (5)
 J - a wand of flame (44)
 P - a wand of paralysis (4)
Scrolls
 c - 16 scrolls of teleportation
 f - 2 scrolls of fog
 h - 9 scrolls of fear
 l - 7 scrolls of immolation
 t - 2 scrolls of blinking
 B - 3 scrolls of poison
 T - 6 scrolls of identify
 U - 2 scrolls of butterflies
 X - 5 scrolls of magic mapping
 Y - 2 scrolls of brand weapon
Potions
 i - a potion of haste
 k - 3 potions of resistance
 p - a potion of might
 q - 6 potions of magic
 s - a potion of invisibility
 u - 5 potions of mutation
 z - 2 potions of flight
 D - 4 potions of cancellation
 E - 4 potions of brilliance
 G - 4 potions of attraction
 H - 5 potions of lignification
 O - 7 potions of curing
 V - a potion of berserk rage
Miscellaneous
 e - a phial of floods


   Skills:
 * Level 13.8 Fighting
 + Level 12.0(13.6) Axes
 + Level 11.7(14.2) Maces & Flails
 + Level 2.3 Throwing
 * Level 12.5 Armour
 * Level 6.9 Dodging
 + Level 5.1 Stealth
 * Level 16.1 Shields
 * Level 11.7 Evocations


You had 16 spell levels left.
You didn't know any spells.
Your spell library contained the following spells:

 Spells                   Type           Power      Damage    Failure   Level
 Kiss of Death            Conj/Necr      0%         2d5       99%         1
 Magic Dart               Conj           0%         1d3       99%         1
 Sandblast                Erth           0%         2d4       99%         1
 Shock                    Conj/Air       0%         1d3       99%         1
 Sting                    Tmut/Pois      0%         1d3       99%         1
 Summon Small Mammal      Summ           0%         N/A       99%         1
 Passwall                 Tmut/Erth      0%         N/A       100%        2
 Poisonous Vapours        Pois/Air       0%         N/A       100%        2
 Searing Ray              Conj           0%         2d4       100%        2
 Call Canine Familiar     Summ           0%         N/A       100%        3
 Confusing Touch          Hex            0%         N/A       100%        3
 Mephitic Cloud           Conj/Pois/Air  0%         N/A       100%        3
 Portal Projectile        Hex/Tloc       0%         N/A       100%        3
 Stone Arrow              Conj/Erth      0%         3d7       100%        3
 Summon Guardian Golem    Hex/Summ       0%         N/A       100%        3
 Swiftness                Air            0%         N/A       100%        3
 Tukima's Dance           Hex            0%         N/A       100%        3
 Airstrike                Air            0%         2d(0-16)  100%        4
 Anguish                  Hex/Necr       0%         N/A       100%        4
 Animate Armour           Summ/Erth      0%         N/A       100%        4
 Dispel Undead            Necr           0%         3d6       100%        4
 Fulminant Prism          Conj/Hex       0%         3d5       100%        4
 Leda's Liquefaction      Hex/Erth       0%         N/A       100%        4
 Olgreb's Toxic Radiance  Pois           0%         N/A       100%        4
 Passage of Golubria      Tloc           0%         N/A       100%        4
 Petrify                  Tmut/Erth      0%         N/A       100%        4
 Summon Lightning Spire   Summ/Air       0%         N/A       100%        4
 Borgnjor's Vile Clutch   Necr/Erth      0%         N/A       100%        5
 Irradiate                Conj/Tmut      0%         3d11      100%        5
 Metabolic Englaciation   Hex/Ice        0%         N/A       100%        5
 Summon Forest            Summ/Tloc      0%         N/A       100%        5
 Yara's Violent Unravell  Hex/Tmut       0%         3d3       100%        5
 Death Channel            Necr           0%         N/A       100%        6
 Haunt                    Necr/Summ      0%         N/A       100%        7
 Storm Form               Tmut/Air       0%         N/A       100%        7
 Borgnjor's Revivificati  Necr           0%         N/A       100%        8
 Infestation              Necr           0%         N/A       100%        8
 Maxwell's Capacitive Co  Air            0%         ∞         100%        8
 Necromutation            Tmut/Necr      0%         N/A       100%        8
 Death's Door             Necr           0%         N/A       100%        9
 Cigotuvi's Dreadful Rot  Necr/Pois/Air  Unusable   N/A       N/A         2
 Sublimation of Blood     Necr           Unusable   N/A       N/A         2
 Animate Dead             Necr           Unusable   N/A       N/A         4
 Statue Form              Tmut/Erth      Unusable   N/A       N/A         6

Dungeon Overview and Level Annotations

Branches:
Dungeon (12/15)            Temple (0/1) D:7            Lair (5/5) D:11
  Swamp (4/4) Lair:3        Snake (2/4) Lair:2        Slime (0/5) Lair:4
    Orc (2/2) D:9             Elf (0/3) Orc:2       Gauntlet (visited)

Altars:
Cheibriados
Elyvilon
Fedhas
Gozag
Kikubaaqudgha
Nemelex Xobeh
Qazlal
Ru
Trog
Uskayaw
Yredelemnul
The Shining One

Shops:
D:1 :   D:4 :   D:6 *   D:8 !   D:10 *   D:12 *   Orc:1 *   Orc:2 *[*=
Swamp:3 [!**?   Snake:2 !


Innate Abilities, Weirdness & Mutations

You are immune to sickness and miasma.
Your stone body is resilient. (AC +12)
You are immune to poison.
Your large and strong wings let you fly.
You resist negative energy. (rN+)
You are resistant to electric shocks. (rElec)
You are resistant to unholy torment.
You are immune to petrification.


Message History

The salamander hits you but does no damage.
You block the salamander's attack.
The salamander is distracted by your dazzling golden aura.
Aiming: Bolt of Light
Press: ? - help, Shift-Dir - straight line, f - guardian serpent
Aim: a guardian serpent (64% to hit)
The bolt of light hits the black mamba!!
You kill the black mamba!
The bolt of light misses the salamander.
The bolt of light misses the naga.
The bolt of light hits the guardian serpent!
The guardian serpent is moderately wounded.
The guardian serpent is blinded.
The salamander hits you from afar with a +0 trident.
You are engulfed in flames!
* * * LOW HITPOINT WARNING * * *
You block the salamander's attack.
A salamander comes into view. It is wielding a +4 halberd.
A naga comes into view. It is wielding a +0 trident.
You feel better.
The salamander is distracted by your dazzling golden aura.
You block the salamander's attack.
The salamander is distracted by your dazzling golden aura.
The guardian serpent casts a spell at you.
The bolt of poison hits the salamander!
The salamander is poisoned.
The bolt of poison hits the salamander!!
The salamander is poisoned.
The salamander is no longer distracted by gold.
The bolt of poison misses you.
You are confused.
You feel invigorated.
The salamander is no longer distracted by gold. x2
The salamander hits you.
You are engulfed in flames!
* * * LOW HITPOINT WARNING * * *
The naga mage is distracted by your dazzling golden aura.
The salamander hits you from afar with a +3 spear!
* * * LOW HITPOINT WARNING * * *
You are engulfed in flames!
You die...
Your body crumbles into a pile of gold.

#.# #.# #.# #.
#.#############N..
#.##.......N...N#.
#.##......NNN.>..#
#.##.....NSN.N...#
#.########N#####.#
#.......$$@#
############ $


You could see 4 salamanders, an anaconda, a naga mage (unaware) and 2 nagas.

Vanquished Creatures
  A tentacled monstrosity (Swamp:4)
  Gastronok (Lair:1)
  5 thorn hunters
  Donald (Swamp:1)
  Roxanne (Swamp:1)
  2 nagarajas (Snake:2)
  Louise (Swamp:1)
  2 vampire knights
  2 eleionomae (Swamp:3)
  5 bunyips
  A minotaur (Gauntlet)
  The ghost of Filu the Spry, a journeyman FeMo of Jiyva (Snake:1)
  Fannar (Lair:1)
  A catoblepas (Lair:5)
  2 salamander tyrants (Snake:2)
  15 hydras
  5 ghost crabs
  4 ogre magi (Orc:2)
  16 two-headed ogres
  5 anacondas
  5 alligators
  A spriggan air mage (Swamp:3)
  3 boulder beetles
  7 death yaks
  2 naga warriors
  A shock serpent (Snake:2)
  Amaemon (D:10)
  4 naga sharpshooters
  A salamander mystic (Snake:2)
  Sonja (D:11)
  2 goliath frogs
  2 skysharks
  A death drake (Gauntlet)
  2 naga ritualists (Snake:2)
  4 spriggan druids
  8 swamp dragons
  5 spectral hydras (Swamp:4)
  A spectral wolf spider (Gauntlet)
  5 bog bodies
  3 phantasmal warriors
  An orc knight (Orc:1)
  4 oklob plants
  2 ugly things
  A manticore (D:11)
  4 mana vipers
  7 salamanders
  4 will-o-the-wisps
  2 cyclopes
  19 black mambas
  A centaur zombie (Gauntlet)
  A rust devil (Gauntlet)
  A spectral centaur (Gauntlet)
  2 guardian serpents (Snake:1)
  3 naga magi (Snake:1)
  15 elephants
  Joseph (D:8)
  2 torpor snails (Lair:5)
  A spectral redback (Gauntlet)
  Maggie (D:8)
  A gargoyle (D:10)
  An orange demon (D:10)
  11 cane toads
  A rime drake (Lair:5)
  2 unseen horrors
  6 komodo dragons
  A freezing wraith (Swamp:3)
  Psyche (D:10)
  A minotaur zombie (Gauntlet)
  A death drake zombie (Swamp:4)
  4 hydra zombies (Swamp:4)
  5 polar bears (Lair:5)
  14 hornets
  8 trolls
  12 blink frogs
  11 tyrant leeches
  10 dream sheep (Lair:5)
  2 hydra skeletons (Swamp:4)
  2 death drake skeletons (Swamp:4)
  4 vampires (D:11)
  2 shadows (D:11)
  22 spriggans
  2 wraiths (D:10)
  A wyvern (Lair:5)
  A ynoxinul (Gauntlet)
  3 basilisks
  49 yaks
  5 vampire mosquitoes
  Menkaure (D:5)
  17 swamp worms
  3 wargs
  A steam dragon (D:9)
  3 nagas
  21 water moccasins
  A hydra simulacrum (Swamp:4)
  An acid dragon (D:8)
  24 orc warriors
  A sky beast (D:7)
  3 swamp drakes
  7 black bears
  2 ice beasts
  22 wolves
  12 centaurs
  4 boggarts (Lair:5)
  2 phantoms
  27 ogres
  3 kobold brigands
  12 bullfrogs
  4 gnoll sergeants
  3 scorpions
  8 wights
  14 killer bees
  An electric eel (Snake:2)
  6 howler monkeys
  A vampire bat (Lair:5)
  3 hounds (D:5)
  4 jellies
  7 orc priests
  An iguana (D:7)
  3 iron imps (Gauntlet)
  Natasha (D:3)
  7 orc wizards
  18 gnolls
  3 adders
  A white imp (D:6)
  An ufetubus (D:6)
  3 worms
  2 dart slugs
  70 orcs
  11 ball pythons
  8 endoplasms (D:4)
  2 giant cockroaches
  14 goblins
  4 hobgoblins
  14 jackals
  2 quokkas
  13 bats
  A frilled lizard (D:2)
  20 kobolds
  7 rats
  2 briar patches (Swamp:4)
812 creatures vanquished.

Vanquished Creatures (others)
  A hydra (Swamp:4)
  A goliath frog (Swamp:4)
  A spriggan druid (Swamp:1)
  8 bloated husks
  A tyrant leech (Swamp:2)
  A swamp worm (Swamp:2)
  An orc warrior (D:9)
  A gnoll sergeant (D:8)
  A howler monkey (D:8)
  An orc priest (D:8)
  An orc wizard (D:9)
  3 orcs (D:9)
  5 briar patches
  18 foxfires
  45 fungi
  67 plants
  9 toadstools (D:4)
165 creatures vanquished.

Grand Total: 977 creatures vanquished

Notes
Turn   | Place    | Note
-------+----------+-------------------------------------------
     0 | D:1      | Dorkslayer the Gargoyle Fighter began the quest for the
                  | Orb.
     0 | D:1      | Reached XP level 1. HP: 14/14 MP: 1/1
   100 | D:1      | Reached XP level 2. HP: 19/19 MP: 2/2
   396 | D:1      | Found Qidaboi's Book Shoppe.
   647 | D:2      | Reached XP level 3. HP: 16/23 MP: 3/3
   953 | D:2      | Reached skill level 1 in Dodging
  1010 | D:2      | Reached XP level 4. HP: 28/28 MP: 4/4
  1224 | D:3      | Reached skill level 4 in Shields
  1383 | D:3      | Reached XP level 5. HP: 28/32 MP: 5/5
  1484 | D:3      | Noticed an ice beast
  1498 | D:3      | Killed an ice beast
  1499 | D:3      | Reached XP level 6. HP: 29/38 MP: 6/6
  1731 | D:3      | Noticed Natasha
  1742 | D:3      | Killed Natasha
  1843 | D:3      | Got Jyumeume's Folio of Evil Creation
  2003 | D:4      | Found a snail-covered altar of Cheibriados.
  2025 | D:4      | Found a sparkling altar of Nemelex Xobeh.
  2192 | D:4      | Reached skill level 5 in Shields
  2404 | D:4      | Found Geud's Book Shop.
  2664 | D:4      | Found a white marble altar of Elyvilon.
  2874 | D:4      | Reached skill level 1 in Evocations
  2874 | D:4      | Reached XP level 7. HP: 33/43 MP: 7/7
  2921 | D:4      | Found an opulent altar of Gozag.
  2927 | D:4      | Became a worshipper of Gozag Ym Sagoz the Greedy
  3193 | D:5      | Entered Level 5 of the Dungeon
  3395 | D:5      | Noticed Menkaure
  3403 | D:5      | Killed Menkaure
  3538 | D:5      | Found a sacrificial altar of Ru.
  3623 | D:5      | Reached skill level 1 in Stealth
  4032 | D:5      | Reached skill level 5 in Axes
  4032 | D:5      | Reached XP level 8. HP: 43/48 MP: 8/8
  4338 | D:6      | Reached skill level 5 in Armour
  4593 | D:6      | Found Amoatice's Assorted Antiques.
  4804 | D:6      | Bought a glowing hat for 182 gold pieces
  4804 | D:6      | Bought a scroll of identify for 52 gold pieces
  4804 | D:6      | Bought a scroll labelled DOKHLI RAOS for 26 gold pieces
  4808 | D:6      | Bought a scroll of identify for 52 gold pieces
  4868 | D:6      | Reached skill level 6 in Shields
  5091 | D:6      | Reached XP level 9. HP: 15/53 MP: 9/9
  5325 | D:7      | Found a staircase to the Ecumenical Temple.
  5442 | D:7      | Reached skill level 5 in Fighting
  5744 | D:8      | Noticed Joseph
  5760 | D:8      | Killed Joseph
  5810 | D:8      | Reached skill level 7 in Shields
  5848 | D:8      | Reached skill level 1 in Throwing
  5856 | D:8      | Reached XP level 10. HP: 45/59 MP: 10/10
  5877 | D:8      | Reached skill level 5 in Evocations
  6084 | D:8      | Found an ancient bone altar of Kikubaaqudgha.
  6086 | D:8      | Found Juntarch's Distillery.
  6088 | D:8      | You fall into a shaft and drop 1 floor!
  6408 | D:8      | Found a bloodstained altar of Trog.
  6408 | D:8      | Noticed Maggie
  6414 | D:8      | Killed Maggie
  6476 | D:8      | Found a stormy altar of Qazlal.
  6521 | D:8      | Bought a potion of mutation for 80 gold pieces
  6521 | D:8      | Bought a potion of haste for 100 gold pieces
  6521 | D:8      | Bought a potion of heal wounds for 50 gold pieces
  6521 | D:8      | Bought a potion of invisibility for 80 gold pieces
  6521 | D:8      | Bought a potion of curing for 30 gold pieces
  6521 | D:8      | Bought a potion of attraction for 30 gold pieces
  6521 | D:8      | Bought a potion of lignification for 30 gold pieces
  6733 | D:8      | Found a glowing golden altar of the Shining One.
  6929 | D:9      | Found a staircase to the Orcish Mines.
  7011 | D:9      | Found a hide-covered altar of Uskayaw.
  7012 | D:9      | Noticed a +0 dagger
  7012 | D:9      | Noticed a +0 hand axe
  7592 | D:10     | Entered Level 10 of the Dungeon
  7595 | D:10     | Noticed Psyche
  7599 | D:10     | Killed Psyche
  7660 | D:10     | Noticed Amaemon
  7661 | D:10     | Noticed an orange demon
  7677 | D:10     | Killed Amaemon
  7678 | D:10     | Reached skill level 8 in Shields
  7689 | D:10     | Killed an orange demon
  7991 | D:10     | Reached XP level 11. HP: 46/64 MP: 11/11
  8105 | D:10     | Noticed a two-headed ogre
  8116 | D:10     | Killed a two-headed ogre
  8595 | D:10     | Found Fytt's General Store.
  8597 | D:10     | Noticed a boulder beetle
  8615 | D:10     | Identified a scroll of acquirement
  8615 | D:10     | Acquired a +0 broad axe of flaming
  8645 | D:10     | Killed a boulder beetle
  8660 | D:10     | Bought a wand of light (2) for 84 gold pieces
  8660 | D:10     | Bought a scroll of poison for 40 gold pieces
  8932 | D:11     | Noticed a two-headed ogre
  8945 | D:11     | Killed a two-headed ogre
  8968 | D:11     | Found a gate leading to a gauntlet.
  8968 | D:11     | Noticed a manticore
  9004 | D:11     | Reached skill level 9 in Shields
  9018 | D:11     | Killed a manticore
  9024 | Gauntlet | Entered a Gauntlet
  9024 | Gauntlet | Found a transporter.
  9024 | Gauntlet | Found a transporter.
  9024 | Gauntlet | Found a runed translucent door.
  9026 | Gauntlet | Found a transporter.
  9027 | Gauntlet | Found a transporter.
  9028 | Gauntlet | Found a runed translucent door.
  9029 | Gauntlet | Found a transporter.
  9065 | Gauntlet | Found a transporter.
  9068 | Gauntlet | Found a transporter.
  9068 | Gauntlet | Found a transporter.
  9070 | Gauntlet | Noticed a blizzard demon
  9083 | Gauntlet | Found a transporter.
  9098 | Gauntlet | Found a transporter.
  9105 | Gauntlet | Noticed a death drake
  9105 | Gauntlet | Noticed a ghost crab
  9106 | Gauntlet | Found the amulet of Vitality {RegenMP++ Regen++}
  9108 | Gauntlet | Found a transporter.
  9122 | Gauntlet | Found a transporter.
  9136 | Gauntlet | Noticed a ghost crab
  9142 | Gauntlet | Found a transporter.
  9149 | Gauntlet | Noticed a shining eye
  9155 | Gauntlet | Found a transporter.
  9253 | Gauntlet | Identified the +1 cloak "Hutox" {-Cast rC++ Str+4}
  9288 | Gauntlet | Killed a ghost crab
  9289 | Gauntlet | Reached skill level 10 in Axes
  9301 | Gauntlet | Identified the ring of Discretion {rN+++ EV+5}
  9407 | Gauntlet | Killed a death drake
  9408 | Gauntlet | Reached XP level 12. HP: 38/72 MP: 12/12
  9534 | Gauntlet | Identified the ring of the Kraken {Will++ AC+4 Int+3 Dex-5
                  | SInv}
  9534 | Gauntlet | Noticed a minotaur
  9564 | Gauntlet | Killed a minotaur
  9922 | D:11     | Found a staircase to the Lair.
  9999 | D:11     | Noticed Sonja
 10011 | D:11     | Noticed a two-headed ogre
 10023 | D:11     | Killed a two-headed ogre
 10026 | D:11     | Reached skill level 10 in Shields
 10036 | D:11     | Killed Sonja
 10040 | D:11     | Noticed a two-headed ogre
 10045 | D:11     | Killed a two-headed ogre
 10202 | D:12     | Noticed a boulder beetle
 10239 | D:12     | Killed a boulder beetle
 10356 | D:12     | Reached XP level 13. HP: 80/80 MP: 13/13
 10680 | D:12     | Found Kuarchuiv's Assorted Antiques.
 10702 | D:12     | Bought a scroll of enchant armour for 232 gold pieces
 10702 | D:12     | Bought a scroll of identify for 62 gold pieces
 10970 | Orc:1    | Entered Level 1 of the Orcish Mines
 11036 | Orc:1    | Found Fasagan's Assorted Antiques.
 11206 | Orc:1    | Bought a bloodstained morningstar for 243 gold pieces
 11206 | Orc:1    | Identified the +11 morningstar of the Original Sin {drain,
                  | rN+ Str+2 Int-2} (You bought it in a shop on level 1 of the
                  | Orcish Mines)
 11206 | Orc:1    | Bought a wand of flame (3) for 56 gold pieces
 11206 | Orc:1    | Bought a potion of curing for 81 gold pieces
 11398 | Orc:2    | Entered Level 2 of the Orcish Mines
 11398 | Orc:2    | Found a staircase to the Elven Halls.
 11495 | Orc:2    | Reached skill level 1 in Maces & Flails
 11508 | Orc:2    | Reached skill level 10 in Fighting
 11586 | Orc:2    | Reached skill level 5 in Maces & Flails
 11598 | Orc:2    | Reached skill level 11 in Shields
 11726 | Orc:2    | Found Xiakhleach's General Store.
 11726 | Orc:2    | Found Tituoling's General Store.
 11727 | Orc:2    | Found Fiqigesk's Armour Emporium.
 11727 | Orc:2    | Found Xepnoch's Jewellery Shop.
 11734 | Orc:2    | Bought a scroll of teleportation for 39 gold pieces
 11734 | Orc:2    | Bought a potion of curing for 39 gold pieces
 11734 | Orc:2    | Bought a potion of invisibility for 104 gold pieces
 11735 | Orc:2    | Bought a potion of curing for 36 gold pieces
 11737 | Orc:2    | Bought a +2 pair of boots of rampaging for 236 gold pieces
 11737 | Orc:2    | Bought the +10 plate armour of the Irksome God {Fly rPois}
                  | for 949 gold pieces
 12101 | Lair:1   | Entered Level 1 of the Lair of Beasts
 12136 | Lair:1   | Gained mutation: Your large and strong wings let you fly.
                  | [Gargoyle growth]
 12136 | Lair:1   | Reached XP level 14. HP: 88/88 MP: 14/14
 12343 | Lair:1   | Found the +1 robe of Vines {NoPotionHeal Regen++++}
 12634 | Lair:1   | Noticed Gastronok
 12650 | Lair:1   | Killed Gastronok
 12770 | Lair:2   | Noticed Fannar
 12801 | Lair:1   | Killed Fannar
 12882 | Lair:2   | Reached skill level 10 in Armour
 13157 | Lair:2   | Found a staircase to the Snake Pit.
 13532 | Lair:3   | Reached skill level 12 in Shields
 13558 | Lair:3   | Found a staircase to the Swamp.
 14165 | Lair:4   | Found a staircase to the Slime Pits.
 14196 | Lair:4   | Reached skill level 10 in Evocations
 14964 | Lair:5   | Entered Level 5 of the Lair of Beasts
 14978 | Lair:4   | Reached XP level 15. HP: 95/95 MP: 15/15
 15247 | Lair:5   | Reached skill level 13 in Shields
 16172 | Lair:5   | Got the Almanac of Glamour and the Throng
 16495 | Swamp:1  | Entered Level 1 of the Swamp
 16499 | Swamp:1  | Noticed Louise
 16507 | Swamp:1  | Reached skill level 5 in Dodging
 16522 | Swamp:1  | Killed Louise
 16728 | Swamp:1  | Identified Roxanne's Precepts of Tephra
 16728 | Swamp:1  | Noticed Roxanne
 16899 | Swamp:1  | Noticed Donald
 16914 | Swamp:1  | Killed Donald
 16915 | Swamp:1  | Reached XP level 16. HP: 77/103 MP: 16/16
 16917 | Swamp:1  | Reached skill level 14 in Shields
 17231 | Swamp:1  | Killed Roxanne
 17248 | Swamp:2  | Noticed a thorn hunter
 17287 | Swamp:2  | Killed a thorn hunter
 17288 | Swamp:2  | Reached skill level 10 in Maces & Flails
 18256 | Swamp:3  | Noticed a thorn hunter
 18277 | Swamp:3  | Killed a thorn hunter
 18574 | Swamp:4  | Entered Level 4 of the Swamp
 18790 | Swamp:3  | Bought a scroll of enchant armour for 157 gold pieces
 18790 | Swamp:3  | Bought a potion of heal wounds for 105 gold pieces
 18790 | Swamp:3  | Bought a potion of resistance for 210 gold pieces
 18792 | Swamp:3  | Bought a potion of heal wounds for 80 gold pieces
 18798 | Swamp:4  | Noticed a tentacled monstrosity
 18931 | Swamp:4  | Killed a tentacled monstrosity
 18932 | Swamp:4  | Reached skill level 15 in Shields
 19270 | Swamp:4  | Reached XP level 17. HP: 108/109 MP: 17/17
 19541 | Swamp:4  | Found a basalt altar of Yredelemnul.
 19572 | Swamp:4  | Found a blossoming altar of Fedhas.
 19582 | Swamp:4  | Reached skill level 5 in Stealth
 19688 | Swamp:4  | Got a decaying rune of Zot
 19809 | Swamp:3  | Bought a scroll of butterflies for 64 gold pieces
 19809 | Swamp:3  | Bought a scroll of teleportation for 48 gold pieces
 19809 | Swamp:3  | Bought a scroll of teleportation for 48 gold pieces
 19809 | Swamp:3  | Bought a scroll of brand weapon for 152 gold pieces
 19813 | Swamp:3  | Bought 2 potions of curing for 96 gold pieces
 19813 | Swamp:3  | Bought a potion of curing for 48 gold pieces
 19813 | Swamp:3  | Bought a potion of curing for 48 gold pieces
 19908 | Snake:1  | Entered Level 1 of the Snake Pit
 20034 | Snake:1  | Noticed Filu's ghost (journeyman FeMo)
 20049 | Snake:1  | Found a runed translucent door.
 20606 | Snake:1  | Identified the +7 battleaxe "Fecafug" {holy, rN+}
 21038 | Snake:1  | Killed Filu's ghost
 21102 | Snake:2  | Found Ixamaoc's Distillery.
 21134 | Snake:2  | Bought a potion of curing for 63 gold pieces
 21134 | Snake:2  | Bought a potion of invisibility for 168 gold pieces
 21134 | Snake:2  | Bought a potion of mutation for 168 gold pieces
 21134 | Snake:2  | Bought a potion of berserk rage for 105 gold pieces
 21134 | Snake:2  | Bought a potion of haste for 210 gold pieces
 21493 | Snake:2  | Reached skill level 16 in Shields
 21599 | Snake:2  | Slain by a salamander

Illustrated notes

Levels and vault maps discovered:
D:1:      elethiomel_arrival_shortcut, layout_basic, serial_shops, shop,
          minmay_split_cup_large
D:2:      layout_loops_ring
D:3:      layout_rooms, uniq_natasha
D:4:      cheibrodos_fertilizer, layout_layer_cave, old_standard_altar,
          mainiacjoe_overflow_alcove_2, grunt_temple_overflow_open,
          serial_shops, shop
D:5:      layout_loops_corners, nicolae_ru_great_annihilating_truth,
          serial_aquarium, aquarium_bridge_square [aquarium_subvault_window,
          aquarium_subvault_bridge, aquarium_subvault_bridge,
          aquarium_subvault_wall], aquarium_window_2, aquarium_window_3,
          aquarium_window_fake, aquarium_view_2d, aquarium_view_2e,
          aquarium_pool_side, uniq_menkaure
D:6:      layout_rooms, serial_shops, shop
D:7:      layout_cave_pools, minmay_temple_entry_arrows
D:8:      layout_rooms, nicolae_qazlal_eye_of_the_storm,
          mainiacjoe_overflow_alcove_4, serial_shops, kennysheep_mini,
          hangedman_feature_mirror, uniq_maggie, uniq_joseph
D:9:      layout_long_grid, dancing_weapons_uskayaw, erik_orc_1
D:10:     layout_gridville, serial_shops, nicolae_shop_hallway_plus,
          uniq_psyche, uniq_amaemon
D:11:     layout_roguey, grunt_lair_entry_orc_guard_hut, gauntlet_entry_generic,
          minmay_alternating_orb, uniq_sonja
D:12:     layout_loops_cross, special_room [special_room_orc], serial_shops,
          shop
Lair:1:   layout_regular_city, hellmonk_guarded_unrand_vines,
          infiniplex_staircase_pool, lemuel_fruit_tree, grunt_megastairs_4,
          uniq_gastronok
Lair:2:   layout_cave_shapes, minmay_snake_entry_six_corridors, uniq_fannar
Lair:3:   layout_long_grid, swamp_mist_pool, grunt_megastairs_5
Lair:4:   layout_cave_pods, slime_entry_1
Lair:5:   minmay_lair_end_enchanted_forest, layout_regular_city,
          roderic_batcave, st_stairs_3, grunt_megastairs_1
Swamp:1:  layout_basic_swamp, nicolae_swamp_big_swirl, uniq_donald,
          uniq_roxanne, uniq_louise
Swamp:2:  layout_basic_swamp, evilmike_swamp_ruin_rubble_1, swamp_pool2
Swamp:3:  layout_basic_swamp, evilmike_swamp_ruin_house_6, swamp_pool3,
          hangedman_swamp_cone
Swamp:4:  byrel_swamp_growth_death_and_undeath, layout_basic_swamp
Snake:1:  layout_cave_pods, hellmonk_ghost_happy_afterlife,
          nicolae_snake_gridmaze_big_u, nrook_guardian_serpent_double
Snake:2:  layout_basic, serial_shops, nicolae_shop_stone, serial_bayou_shore_a,
          minmay_shop_grove
Orc:1:    layout_caves, serial_shops, nicolae_shop_statue_plus
Orc:2:    st_orc_ogre_mass, layout_caves

Skill      XL: |  1  2  3  4  5  6  7  8  9 10 11 12 13 14 15 16 17 |
---------------+----------------------------------------------------+-----
Axes           | 2 3 4 5 6 7 8 10 11 12 | 12.0
Dodging        | 1 2 4 5 6 |  6.9
Armour         | 4 5 7 8 9 10 11 12 | 12.5
Shields        | 4 5 6 7 8 9 10 11 12 13 15 16 | 16.1
Fighting       | 4 5 6 7 9 10 11 12 13 | 13.8
Evocations     | 1 2 3 4 6 7 8 9 10 11 | 11.7
Stealth        | 1 2 3 4 5 |  5.1
Throwing       | 1 2 |  2.3
Maces & Flails | 5 8 9 11 | 11.7

Action                     |  1- 3 |  4- 6 |  7- 9 | 10-12 | 13-15 | 16-18 || total
---------------------------+-------+-------+-------+-------+-------+-------++-------
  Melee: War axe           |   114 |   161 |   297 |   301 |       |       ||   873
         Broad axe         |       |       |       |   350 |   109 |   146 ||   605
         Morningstar       |       |       |       |       |  1031 |   764 ||  1795
  Throw: Javelin           |       |       |     8 |       |       |       ||     8
         Boomerang         |       |       |       |    45 |       |     7 ||    52
 Invoke: Call Merchant     |       |       |       |       |       |     5 ||     5
  Evoke: Wand              |       |       |     9 |    17 |     9 |    19 ||    54
         Phial of floods   |       |       |       |     3 |     2 |     1 ||     6
    Use: Scroll            |     5 |     5 |     4 |    13 |     9 |     3 ||    39
         Potion            |       |     3 |     3 |    16 |     3 |    11 ||    36
   Stab: Paralysed         |       |       |     2 |       |     3 |     8 ||    13
         Invisible         |       |       |     7 |    17 |     1 |     4 ||    29
         Confused          |       |       |       |     1 |       |       ||     1
         Distracted        |       |       |       |       |    10 |       ||    10
         Petrified         |       |       |       |       |     3 |       ||     3
 Armour: Scale mail        |    35 |       |       |       |       |       ||    35
         Chain mail        |    37 |   100 |       |       |       |       ||   137
         Plate armour      |       |    44 |   322 |   479 |   525 |   752 ||  2122
  Dodge: Dodged            |    46 |    62 |   108 |   243 |   481 |   510 ||  1450
         Repelled          |       |     1 |     1 |     4 |       |       ||     6
  Block: Kite shield       |    60 |   142 |   262 |   552 |   989 |   803 ||  2808
         Buckler           |     1 |       |       |       |       |       ||     1
         Reflection        |       |       |       |       |       |    30 ||    30

Table legend: (Time is in decaauts)
 A = Elapsed time spent in this place.
 B = Non-inter-level travel time spent in this place.
 C = Inter-level travel time spent in this place.
 D = Time resting spent in this place.
 E = Time spent auto-exploring this place.
 F = Levels seen in this place.
 G = Mean time per level.
                   A        B        C        D        E       F      G
               +--------+--------+--------+--------+--------+-----+--------+
         Total |  22021 |  21675 |    346 |    927 |   5883 |  26 |  847.0 |
       Dungeon |  10871 |  10693 |    178 |    495 |   3644 |  12 |  905.9 |
          Lair |   4484 |   4373 |    111 |      0 |    951 |   5 |  896.8 |
         Swamp |   3366 |   3312 |     54 |    252 |    654 |   4 |  841.5 |
     Snake Pit |   1625 |   1625 |      0 |      0 |    497 |   2 |  812.5 |
  Orcish Mines |   1073 |   1073 |      0 |      0 |    137 |   2 |  536.5 |
      Gauntlet |    601 |    601 |      0 |    179 |      0 |   1 |  601.0 |
               +--------+--------+--------+--------+--------+-----+--------+

Top non-repeatable levels by time:
  Lair:5: 1495 daAuts
    D:10: 1382 daAuts
     D:4: 1300 daAuts
 Swamp:3: 1258 daAuts
 Snake:1: 1116 daAuts
     D:5: 1103 daAuts
  Lair:4: 1069 daAuts
     D:8: 1024 daAuts
     D:6: 994 daAuts
     D:9: 987 daAuts
     D:3: 788 daAuts
 Swamp:1: 756 daAuts
    D:12: 755 daAuts
    D:11: 744 daAuts
  Lair:1: 706 daAuts
